 Dungeon Crawl Stone Soup version 0.29.0-5-ge4962eb29e (webtiles) character file.

Game seed: 318753273351401812

25 apoch the Trooper (level 2, 0/24 HPs)
             Began as a Demonspawn Fighter on Aug 28, 2022.
             Slain by Robin
             ... wielding a +0 short sword
              (3 damage)
             ... on level 2 of the Dungeon.
             The game lasted 00:02:37 (1307 turns).

apoch the Trooper (Demonspawn Fighter)              Turns: 1307, Time: 00:02:37

Health: 0/24       AC:  6    Str: 16    XL:     2   Next: 82%
Magic:  2/2        EV:  9    Int:  9    God:
Gold:   135        SH:  4    Dex: 12    Spells: 1/1 levels left

rFire   . . .      SeeInvis .   a - +0 long sword
rCold   . . .      Faith    .   c - +0 buckler
rNeg    . . .      Spirit   .   b - +0 scale mail
rPois   .          Reflect  .   (no helmet)
rElec   .          Harm     .   (no cloak)
rCorr   .          Rampage  .   (no gloves)
Will    .....                   (no boots)
Stlth   ..........              (no amulet)
HPRegen 0.08/turn               (no ring)
MPRegen 0.08/turn               (no ring)

@: no status effects
A: sturdy frame 1
a: no special abilities


You were on level 2 of the Dungeon.
You visited 1 branch of the dungeon, and saw 2 of its levels.

You collected 135 gold pieces.

Inventory:

Hand Weapons
 a - a +0 long sword (weapon)
Armour
 b - a +0 scale mail (worn)
 c - a +0 buckler (worn)
Scrolls
 f - a scroll of poison {unknown}
 g - a scroll of identify {unknown}
 m - a scroll of teleportation {unknown}
Potions
 d - a potion of might
 e - a potion of attraction {unknown}
 h - a potion of ambrosia {unknown}
 j - a potion of heal wounds {unknown}
 k - a potion of mutation {unknown}
 l - a potion of invisibility {unknown}
 n - a potion of haste {unknown}


   Skills:
 * Level 3.4 Fighting
 + Level 2.1 Long Blades
 * Level 3.1 Armour
 - Level 2.6 Shields


You had one spell level left.
You didn't know any spells.
Your spell library was empty.

Dungeon Overview and Level Annotations

Branches:
Dungeon (2/15)

Altars:

Shops:
D:2 ?:

Annotations:
D:2 Robin


Innate Abilities, Weirdness & Mutations

Your movements are slightly less encumbered by armour. (ER -2)


Message History

Robin is severely wounded.
Robin hits you with a +0 short sword. Robin barely misses you.
You barely miss Robin.
Robin is heavily wounded.
Robin hits you with a +0 short sword.
You hit Robin but do no damage.
Robin is heavily wounded.
Robin closely misses you.
You hit Robin.
Robin is severely wounded.
Robin closely misses you. Robin hits you with a +0 short sword.
You closely miss Robin.
Robin is severely wounded.
Robin barely misses you.
You closely miss Robin.
Robin is severely wounded.
You block Robin's attack.
You completely miss Robin.
Robin is heavily wounded.
Robin hits you with a +0 short sword. Robin closely misses you.
You barely miss Robin.
Robin is heavily wounded.
Robin hits you with a +0 short sword.
* * * LOW HITPOINT WARNING * * *
You hit Robin.
Robin is severely wounded.
Robin hits you with a +0 short sword.
* * * LOW HITPOINT WARNING * * *
You hit Robin but do no damage.
Robin is severely wounded.
Robin hits you but does no damage.
Robin points. "Kill!"
You block Robin's attack.
You hit Robin.
Robin is almost dead.
Robin closely misses you.
You closely miss Robin.
Robin is almost dead.
Robin misses you. Robin hits you with a +0 short sword.
You die...

############
...........#
...........#
...........#
........##.#
##########.#
####.##)....###.#
..?.$.g@.......>#
###########.###.#
#.# #.# #.# #.#
#.# #.# #.# #.#
#.# #.# #.# #∩#
#.# #.#


You could see Robin.

Vanquished Creatures
  A worm (D:2)
  A ball python (D:1)
  An endoplasm (D:2)
  A giant cockroach (D:1)
  5 goblins
  3 hobgoblins
  A quokka (D:2)
  A bat (D:2)
  A frilled lizard (D:1)
  3 kobolds (D:1)
  2 rats (D:1)
20 creatures vanquished.

Notes
Turn   | Place    | Note
-------+----------+-------------------------------------------
     0 | D:1      | apoch the Demonspawn Fighter began the quest for the Orb.
     0 | D:1      | Reached XP level 1. HP: 18/18 MP: 1/1
   341 | D:1      | Found a faded altar of an unknown god.
   534 | D:1      | Gained mutation: Your movements are slightly less
                  | encumbered by armour. (ER -2) [demonic ancestry]
   534 | D:1      | Reached XP level 2. HP: 24/24 MP: 2/2
   987 | D:2      | Found Xoasch's Book Shop.
  1066 | D:2      | Found Waivus's Magic Scroll Emporium.
  1280 | D:2      | Noticed Robin
  1307 | D:2      | Slain by Robin

Illustrated notes

Levels and vault maps discovered:
D:1:      lemuel_arrival_hallway, layout_basic, ebering_ecumenical_altar_webs,
          nicolae_kite_square_tiling_tiny
D:2:      layout_basic, basic_altar, serial_shops, shop_statue,
          nicolae_shop_waterfront, shop, nicolae_lakefront_shop, shop,
          minmay_rat_hole, uniq_natasha, uniq_robin

Skill      XL: |  1  2 |
---------------+-------+-----
Long Blades    | 2 |  2.1
Armour         | 3 |  3.1
Fighting       | |  3.4
Shields        | |  2.6

Action                   || total
-------------------------++-------
Melee: Long sword        ||    85
Throw: Stone             ||    12
Armor: Scale mail        ||    36
Dodge: Dodged            ||    30
Block: Buckler           ||    10
